 Dungeon Crawl Stone Soup version 0.30-a0-341-g682706514a (webtiles) character file.

Game seed: 11796095106372176695

1 fridays18 the Conjurer (level 1, -2/14 HPs)
             Began as a Draconian Conjurer on Nov 1, 2022.
             Slain by a quokka (4 damage)
             ... on level 1 of the Dungeon.
             The game lasted 00:02:53 (175 turns).

fridays18 the Conjurer (Draconian Conjurer)          Turns: 175, Time: 00:02:54

Health: -2/14      AC:  4    Str:  9    XL:     1   Next: 16%
Magic:  3/3        EV: 12    Int: 18    God:
Gold:   14         SH:  0    Dex:  9    Spells: 3/4 levels left

rFire   . . .      SeeInvis .    (no weapon)
rCold   . . .      Faith    .    (no shield)
rNeg    . . .      Spirit   .    (body armour unavailable)
rPois   .          Reflect  .    (helmet restricted)
rElec   .          Harm     .    (no cloak)
rCorr   .          Rampage  .    (no gloves)
Will    .....                    (no boots)
Stlth   ++........               (no amulet)
HPRegen 0.22/turn                (no ring)
MPRegen 0.08/turn                (no ring)

@: no status effects
A: AC +4, unfitting armour, cold-blooded
a: no special abilities


You were on level 1 of the Dungeon.
You visited 1 branch of the dungeon, and saw 1 of its levels.

You collected 14 gold pieces.

Inventory:

Hand Weapons
 d - a +0 hand axe
Armour
 b - a +0 robe
Scrolls
 c - a scroll of enchant armour {unknown}
Potions
 a - a potion of magic


   Skills:
 + Level 1.8 Dodging
 + Level 1.7 Stealth
 + Level 2.0 Spellcasting
 + Level 4.0 Conjurations


You had 3 spell levels left.
You knew the following spells:

 Your Spells              Type           Power      Damage    Failure   Level
a - Magic Dart            Conj           64%        1d6       3%          1

Your spell library contained the following spells:

 Spells                   Type           Power      Damage    Failure   Level
 Searing Ray              Conj           32%        2d5       5%          2
 Dazzling Flash           Conj/Hex       18%        N/A       24%         3
 Fulminant Prism          Conj/Hex       4%         3d5       61%         4
 Iskenderun's Mystic Bla  Conj/Tloc      9%         2d4       61%         4


Dungeon Overview and Level Annotations

Branches:
Dungeon (1/15)

Altars:


Innate Abilities, Weirdness & Mutations

Your plain brown scales are hard. (AC +4)
You cannot fit into any form of body armour.
You are cold-blooded and may be slowed by cold attacks.


Message History

The quokka attacks as you move away! The quokka bites you.
The rat attacks as you move away! The rat closely misses you.
The bat misses you. The ball python barely misses you. x2
The giant cockroach bites you.
The ball python bites you but does no damage.
The ball python grabs you. The ball python constricts you.
You escape the ball python's grasp.
The quokka attacks as you move away! The quokka bites you.
The rat attacks as you move away! The rat bites you but does no damage.
The bat hits you but does no damage. The giant cockroach closely misses you.
The giant cockroach misses you. The quokka barely misses you.
The giant cockroach attacks as you move away!
The giant cockroach completely misses you.
The bat closely misses you.
The giant cockroach bites you but does no damage.
The ball python closely misses you. The ball python misses you.
The bat attacks as you move away! The bat misses you.
The rat attacks as you move away! The rat barely misses you.
The bat misses you. The giant cockroach closely misses you.
The ball python closely misses you. x2
The rat attacks as you move away! The rat closely misses you.
The ball python barely misses you. The ball python grabs you.
The ball python constricts you.
You escape the ball python's grasp.
The giant cockroach closely misses you. The quokka bites you.
* * * LOW HITPOINT WARNING * * *
The rat attacks as you move away! The rat closely misses you.
The bat hits you but does no damage.
You see here a scroll labelled JACIGUO PIGOESHY.
The quokka attacks as you move away! The quokka misses you.
The giant cockroach attacks as you move away!
The giant cockroach bites you.
* * * LOW HITPOINT WARNING * * *
An endoplasm comes into view.
The bat closely misses you.
The endoplasm quivers.
Found a stone staircase leading down.
The quokka bites you.
* * * LOW HITPOINT WARNING * * *
The quokka bites you.
You die...

.. #### .# .... .#.....
.#..... ##.......
#..J...> ###...###..
#Sr@.##... ###B##.##..#
#..?b......#
#..........#
#..........#
#..........#
###.........####
#..............#####
#.#........^##.....#####


You could see an endoplasm, a quokka, a giant cockroach and a ball python.

Vanquished Creatures
  A frilled lizard (D:1)
  A rat (D:1)
2 creatures vanquished.

Notes
Turn   | Place    | Note
-------+----------+-------------------------------------------
     0 | D:1      | fridays18 the Draconian Conjurer began the quest for the
                  | Orb.
     0 | D:1      | Reached XP level 1. HP: 14/14 MP: 3/3
   175 | D:1      | Slain by a quokka

Illustrated notes

Levels and vault maps discovered:
D:1:      lemuel_arrival_broad_hall, layout_rooms, minmay_pentomino_z4

Action                   || total
-------------------------++-------
Melee: Unarmed           ||    29
       Tailslap          ||     2
Armor: Skin              ||    31
Dodge: Dodged            ||    70

Table legend: (Time is in decaauts)
 A = Elapsed time spent in this place.
 B = Non-inter-level travel time spent in this place.
 C = Inter-level travel time spent in this place.
 D = Time resting spent in this place.
 E = Time spent auto-exploring this place.
 F = Levels seen in this place.
 G = Mean time per level.
                   A        B        C        D        E       F      G
               +--------+--------+--------+--------+--------+-----+--------+
         Total |    175 |    159 |     16 |      0 |      0 |   1 |  175.0 |
       Dungeon |    175 |    159 |     16 |      0 |      0 |   1 |  175.0 |
               +--------+--------+--------+--------+--------+-----+--------+

Top non-repeatable levels by time:
     D:1: 175 daAuts
